 Dungeon Crawl Stone Soup version 0.20-a0-2-g2b0e13a (webtiles) character file.

7885 simpaon the Slicer (level 11, -4/75 HPs)
             Began as a Vampire Enchanter on Oct 26, 2016.
             Was a Priest of Kikubaaqudgha.
             Slain by a six-headed hydra (15 damage)
             ... on level 1 of the Lair of Beasts on Oct 28, 2016.
             The game lasted 00:30:39 (11626 turns).

simpaon the Slicer (Vampire Enchanter)             Turns: 11626, Time: 00:30:40

Health: -4/75      AC:  6    Str:  8    XL:     11   Next: 2%
Magic:  7/18       EV: 18    Int: 19    God:    Kikubaaqudgha [***...]
Gold:   411        SH:  0    Dex: 21    Spells: 2 memorised, 15 levels left

rFire  . . .     SeeInvis +     d - +5 dagger
rCold  + . .     Gourm    .     b - +2 robe
rNeg   + + .     Faith    .     (no shield)
rPois  +         Spirit   .     R - +0 helmet
rElec  .         Reflect  .     W - +0 cloak (curse)
rCorr  .         Harm     .     (no gloves)
MR     +....                    (no boots)
Stlth  ++++++....               (no amulet)
                                j - +5 ring of dexterity
                                y - +3 ring of evasion

@: regenerating slowly
A: fangs 3, see invisible, unbreathing
a: Bat Form, Receive Corpses, Renounce Religion


You were on level 1 of the Lair of Beasts.
You worshipped Kikubaaqudgha.
Kikubaaqudgha was most pleased with you.
You were thirsty.

You visited 3 branches of the dungeon, and saw 12 of its levels.

You collected 819 gold pieces.
You spent 408 gold pieces at shops.

Inventory:

Hand Weapons
 d - a +5 dagger (weapon)
 g - a +1 short sword of draining
 p - a +0 blowgun
 L - a +5 dagger
Missiles
 h - 15 tomahawks
 q - 9 poisoned needles
 x - 2 javelins (quivered)
Armour
 b - a +2 robe (worn)
 o - a +0 shield
 R - a +0 helmet (worn)
 W - a cursed +0 cloak (worn)
Jewellery
 j - a +5 ring of dexterity (right hand)
 y - a +3 ring of evasion (left hand)
 K - an uncursed ring of ice
 Q - an uncursed ring of flight
Wands
 a - a wand of flame (22/48)
 i - a wand of acid (8/15)
 k - a wand of lightning (6/15)
 t - a wand of teleportation (4/9)
 A - a wand of lightning (11/15)
 B - a wand of acid (9/15)
 D - a wand of slowing (38/48)
 G - a wand of enslavement (21/24)
 H - a wand of confusion (29/48)
 P - a wand of iceblast (6/15)
 S - a wand of disintegration (17/24)
 U - a wand of polymorph (5/24)
Scrolls
 m - 4 scrolls of recharging
 n - 5 scrolls of remove curse
 F - a scroll of enchant armour
 I - a scroll of magic mapping
 J - 2 scrolls of teleportation
 N - a scroll of amnesia
 V - a scroll of summoning
 X - a scroll of vulnerability {unknown}
 Y - a scroll of fog
Potions
 e - 3 potions of agility
 f - 2 potions of cancellation
 l - 2 potions of might
 r - a potion of flight
 s - a potion of haste
 u - a potion of brilliance
 v - 3 potions of heal wounds {unknown}
 w - a potion of cure mutation {unknown}
 z - 7 potions of curing
 C - 13 potions of blood
 E - 3 potions of mutation {unknown}
 O - 2 potions of ambrosia {unknown}
Books
 c - a book of Maledictions

   Spells                             Type                      Level
   a - Corona                         Hexes                        1
   b - Ensorcelled Hibernation        Hexes/Ice                    2
   c - Confuse                        Hexes                        3
   d - Tukima's Dance                 Hexes                        3
   e - Dazzling Spray                 Conjuration/Hexes            3
 M - Kikubaaqudgha's Papyrus of Sinister Secrets
   (Kikubaaqudgha gifted it to you on level 7 of the Dungeon)

   Spells                             Type                      Level
   a - Pain                           Necromancy                   1
   b - Corpse Rot                     Necromancy                   2
   c - Sublimation of Blood           Necromancy                   2
   d - Regeneration                   Charms/Necromancy            3
   e - Control Undead                 Necromancy                   4
 T - Kikubaaqudgha's Papyrus of Unholy Arts
   (Kikubaaqudgha gifted it to you on level 10 of the Dungeon)

   Spells                             Type                      Level
   a - Bolt of Draining               Conjuration/Necromancy       5
   b - Agony                          Necromancy                   5
   c - Cigotuvi's Embrace             Necromancy                   5
   d - Dispel Undead                  Necromancy                   5
   e - Death Channel                  Necromancy                   6


   Skills:
 + Level 3.1 Fighting
 - Level 13.9 Short Blades
 + Level 4.5 Dodging
 - Level 10.5 Stealth
 - Level 5.0 Spellcasting
 - Level 8.1 Hexes


You had 15 spell levels left.
You knew the following spells:

 Your Spells              Type           Power        Failure   Level  Hunger
a - Ensorcelled Hibernat  Hex/Ice        ###...       4%          2    #......
b - Confuse               Hex            #####...     1%          3    ##.....


Dungeon Overview and Level Annotations

Branches:
Dungeon (10/15)            Temple (1/1) D:5            Lair (1/6) D:10
    Orc (0/2) D:9

Altars:
Cheibriados
Dithmenos
Gozag
Hepliaklqana
Kikubaaqudgha
Okawaru
Qazlal
Ru
Trog
Vehumet
Xom
Zin
The Shining One

Shops:
D:8 !*:}(   D:9 }

Annotations:
D:3 Geomchi's ghost, amateur MiSk
D:7 exclusion: statue


Innate Abilities, Weirdness & Mutations

You heal slowly.
You have razor-sharp teeth.
You have supernaturally acute eyesight. (SInv)
You can survive without breathing.


Message History

Casting: Ensorcelled Hibernation
Confirm with . or Enter, or press ? or * to list all spells.
Aiming: Ensorcelled Hibernation
Press: ? - help, Shift-Dir - straight line, f/p - six-headed hydra
Aim: a six-headed hydra (chance to defeat MR: 18%)
The six-headed hydra resists with almost no effort.
The six-headed hydra misses you. The six-headed hydra bites you! x2
The six-headed hydra closely misses you.
The six-headed hydra bites you. The six-headed hydra bites you!
Casting: Ensorcelled Hibernation
Confirm with . or Enter, or press ? or * to list all spells.
Aiming: Ensorcelled Hibernation
Press: ? - help, Shift-Dir - straight line, f/p - six-headed hydra
Aim: a six-headed hydra (chance to defeat MR: 18%)
The six-headed hydra resists with almost no effort.
The six-headed hydra bites you! x2
* * * LOW HITPOINT WARNING * * *
The six-headed hydra bites you!
You die...
Kikubaaqudgha rasps: "You have failed me!
Welcome... oblivion!"

##.......<..............##.......
.........................#.......
.#...............................
....................##...........
###...............# ##..........
##...............:# ##.........
#...........#.....### ##.........
......#....###..D.#.###..........
##....##....##..@................
###..#.....#............≈.......
####.......P.........#..≈≈†♣♣.♣♣♣
.##............#.#..#..≈♣♣≈≈♣..♣♣
...##.#.......####..###..♣♣†≈.♣♣.
....#####.....# ##...#.♣♣♣†≈..♣♣
.....## #...## #...#.♣..%≈≈♣♣.
......###.....# ##..#.♣..♣.≈≈♣♣
............... #.#..♣♣..♣♣♣≈.♣


You could see a six-headed hydra.

Vanquished Creatures
  A hill giant (D:10)
  A centaur zombie (D:10)
  A komodo dragon (Lair:1)
  A troll (D:9)
  A hornet (D:8)
  4 hippogriffs
  Sigmund (D:2)
  8 yaks
  A spriggan (D:10)
  A wraith (D:10)
  2 wyverns
  3 porcupines (Lair:1)
  3 orc warriors
  3 sky beasts
  A black bear (D:9)
  A phantom (D:10)
  4 ogres
  2 centaurs
  A big kobold (D:10)
  5 bullfrogs
  A gnoll sergeant (D:5)
  4 scorpions
  3 wights
  A howler monkey (D:4)
  3 crimson imps
  A quasit (D:8)
  A jelly (D:9)
  4 orc priests
  2 bullfrog skeletons
  7 hounds
  3 iguanas
  11 orc wizards
  6 worker ants
  A killer bee zombie (D:6)
  A hound zombie (D:7)
  A hound skeleton (D:5)
  7 gnolls
  9 adders
  2 shadow imps
  2 oozes (D:2)
  3 worms
  5 leopard geckos
  39 orcs
  3 ball pythons
  5 giant cockroaches
  8 hobgoblins
  7 jackals
  14 kobolds
  3 quokkas
  9 bats
  7 frilled lizards
  7 goblins
  A leopard gecko skeleton (D:6)
  A quokka skeleton (D:4)
  6 rats
233 creatures vanquished.

Notes
Turn   | Place    | Note
-------+----------+-------------------------------------------
     0 | D:1      | simpaon the Vampire Enchanter began the quest for the Orb.
     0 | D:1      | Reached XP level 1. HP: 13/13 MP: 3/3
   453 | D:1      | Reached XP level 2. HP: 19/19 MP: 3/5
   456 | D:1      | Reached skill level 5 in Stealth
   460 | D:1      | Learned a level 2 spell: Ensorcelled Hibernation
   928 | D:2      | Reached skill level 2 in Short Blades
  1263 | D:2      | Noticed Sigmund
  1264 | D:2      | Reached XP level 3. HP: 24/24 MP: 6/6
  1269 | D:2      | Killed Sigmund
  1269 | D:2      | Reached skill level 3 in Short Blades
  1269 | D:2      | Reached XP level 4. HP: 30/30 MP: 4/7
  1269 | D:2      | Reached XP level 5. HP: 35/35 MP: 4/8
  1380 | D:2      | Reached skill level 4 in Short Blades
  1806 | D:3      | Noticed Geomchi's ghost (amateur MiSk)
  1931 | D:3      | Learned a level 3 spell: Confuse
  2395 | D:4      | Reached XP level 6. HP: 41/41 MP: 6/9
  2887 | D:4      | Reached skill level 5 in Short Blades
  3244 | D:4      | Noticed a sky beast
  3267 | D:4      | Killed a sky beast
  3267 | D:4      | Reached XP level 7. HP: 29/46 MP: 1/10
  3439 | D:5      | Entered Level 5 of the Dungeon
  3730 | D:5      | Reached skill level 6 in Short Blades
  3871 | D:5      | Reached skill level 10 in Stealth
  3910 | D:5      | Found a staircase to the Ecumenical Temple.
  3917 | Temple   | Entered the Ecumenical Temple
  3938 | Temple   | Became a worshipper of Kikubaaqudgha
  4950 | D:6      | Found a shadowy altar of Dithmenos.
  5030 | D:6      | Reached skill level 5 in Hexes
  5805 | D:5      | HP: 1/46 [wight/enchanted trident (5)]
  6611 | D:5      | Reached XP level 8. HP: 51/52 MP: 2/11
  7048 | D:6      | Found a bloodstained altar of Trog.
  7170 | D:6      | Found an iron altar of Okawaru.
  7212 | D:6      | Found a sacrificial altar of Ru.
  7334 | D:7      | Found a glowing silver altar of Zin.
  7559 | D:7      | Reached skill level 5 in Spellcasting
  7608 | D:7      | Reached * piety under Kikubaaqudgha
  7608 | D:7      | Identified Kikubaaqudgha's Papyrus of Sinister Secrets (Kikubaaqudgha gifted it to you on level 7 of the Dungeon)
  7608 | D:7      | Received a gift from Kikubaaqudgha
  7787 | D:7      | Noticed a hippogriff
  7792 | D:7      | Killed a hippogriff
  7792 | D:7      | Reached skill level 7 in Short Blades
  7844 | D:7      | Found a radiant altar of Vehumet.
  7943 | D:7      | Reached XP level 9. HP: 57/57 MP: 13/16
  8163 | D:8      | Reached skill level 8 in Short Blades
  8283 | D:8      | Reached skill level 9 in Short Blades
  8290 | D:8      | Found Uqoe's Distillery.
  8311 | D:8      | Found Fiema's Assorted Antiques.
  8314 | D:8      | Bought a scroll labeled HYVO WAWUSK for 24 gold pieces
  8470 | D:8      | Found Ysae's Gadget Shop.
  8471 | D:8      | Found Qoejaac's Book Shoppe.
  8510 | D:8      | Found Wyifok's Weapon Shop.
  8556 | D:8      | Reached ** piety under Kikubaaqudgha
  8883 | D:9      | Reached skill level 10 in Short Blades
  8884 | D:9      | Found a stormy altar of Qazlal.
  9123 | D:9      | Found a staircase to the Orcish Mines.
  9156 | D:9      | Reached skill level 11 in Short Blades
  9303 | D:9      | Found Lewuebecw's Gadget Shoppe.
  9311 | D:9      | Bought a wand of teleportation (4/9) for 384 gold pieces
  9412 | D:9      | Upgraded the game from 0.19-a0-1933-g052ff51 to 0.19-a0-1937-g70ed36a
  9849 | D:9      | Reached XP level 10. HP: 63/63 MP: 12/17
  9929 | D:9      | Reached skill level 12 in Short Blades
 10172 | D:10     | Entered Level 10 of the Dungeon
 10599 | D:10     | Noticed a hill giant
 10603 | D:10     | Killed a hill giant
 10603 | D:10     | Reached *** piety under Kikubaaqudgha
 10603 | D:10     | Identified Kikubaaqudgha's Papyrus of Unholy Arts (Kikubaaqudgha gifted it to you on level 10 of the Dungeon)
 10603 | D:10     | Received a gift from Kikubaaqudgha
 10603 | D:10     | Reached skill level 13 in Short Blades
 10631 | D:10     | Upgraded the game from 0.19-a0-1937-g70ed36a to 0.20-a0-2-g2b0e13a
 10964 | D:10     | Found a staircase to the Lair.
 10967 | Lair:1   | Entered Level 1 of the Lair of Beasts
 11145 | Lair:1   | Reached skill level 1 in Fighting
 11565 | Lair:1   | Reached XP level 11. HP: 75/75 MP: 13/18
 11619 | Lair:1   | Noticed a six-headed hydra
 11626 | Lair:1   | Slain by a six-headed hydra

Vault maps used:
D:1:      lemuel_arrival_tunnels
D:2:      first_bread, uniq_sigmund
D:6:      grunt_temple_overflow_bloody_war, nicolae_dithmenos_the_darkroom,
          basic_altar
D:7:      vehumet_statue, nicolae_overflow_hidden_temple
D:8:      serial_shops, shop, kennysheep_little_box, shop, shop_statue, shop
D:9:      david_orc_2, serial_shops, shop, basic_altar
D:10:     lair_0_dummy, grunt_pizzeria
Temple:   nicolae_temple_elliptical
Lair:1:   guppyfry_lair_drakes

Skill      XL: |  1  2  3  4  5  6  7  8  9 10 |
---------------+-------------------------------+-----
Stealth        | 5 7 8 9 10 | 10.5
Short Blades   | 2 3 4 5 6 7 11 13 | 13.9
Hexes          | 6 8 |  8.1
Spellcasting   | 5 |  5.0
Fighting       | 3 |  3.1
Dodging        | 4 |  4.5

Action                   |  1- 3 |  4- 6 |  7- 9 | 10-12 || total
-------------------------+-------+-------+-------+-------++-------
Melee: Dagger            |    10 |       |   126 |    73 ||   209
       Short sword       |    31 |    97 |   128 |       ||   256
       Bite              |     2 |     7 |    17 |     6 ||    32
 Cast: Corona            |     3 |       |       |       ||     3
       Ensorcelled Hiber |     3 |    24 |   112 |    55 ||   194
       Confuse           |       |       |    29 |     6 ||    35
  Use: Potion            |       |     1 |     6 |       ||     7
       Scroll            |       |       |    20 |     5 ||    25
 Stab: Sleeping          |    14 |    25 |    86 |    29 ||   154
       Distracted        |     1 |     1 |     2 |       ||     4
       Confused          |       |       |     7 |     3 ||    10
  Eat: Corpse            |       |     1 |       |     2 ||     3
Armor: Robe              |     5 |    22 |    48 |     9 ||    84
Dodge: Dodged            |    11 |    60 |   111 |    39 ||   221
